 Dungeon Crawl Stone Soup version 0.28.0 (webtiles) character file.

Game seed: 3180425195921195318

7 Sanktem7 the Covered (level 1, 0/20 HPs)
             Began as a Minotaur Fighter on Feb 9, 2022.
             Slain by a quokka (3 damage)
             ... on level 1 of the Dungeon.
             The game lasted 00:00:11 (62 turns).

Sanktem7 the Covered (Minotaur Fighter)               Turns: 62, Time: 00:00:12

Health: 0/20       AC:  7    Str: 20    XL:     1   Next: 83%
Magic:  0/0        EV:  9    Int:  5    God:
Gold:   18         SH:  4    Dex:  9    Spells: 0/0 levels left

rFire   . . .      SeeInvis .   a - +0 long sword
rCold   . . .      Faith    .   c - +0 buckler
rNeg    . . .      Spirit   .   b - +0 scale mail
rPois   .          Reflect  .   (helmet restricted)
rElec   .          Harm     .   (no cloak)
rCorr   .          Rampage  .   (no gloves)
Will    .....                   (no boots)
Stlth   ..........              (no amulet)
HPRegen 0.06/turn               (no ring)
MPRegen 0.07/turn               (no ring)

@: no status effects
A: horns 2, retaliatory headbutt
a: no special abilities


You were on level 1 of the Dungeon.
You visited 1 branch of the dungeon, and saw 1 of its levels.

You collected 18 gold pieces.

Inventory:

Hand Weapons
 a - a +0 long sword (weapon)
Armour
 b - a +0 scale mail (worn)
 c - a +0 buckler (worn)
Potions
 d - a potion of might
 e - a potion of invisibility {unknown}
 f - a potion of lignification {unknown}


   Skills:
 + Level 3.8 Fighting
 + Level 2.4 Long Blades
 + Level 3.9 Armour
 + Level 3.8 Shields


You couldn't memorise any spells.
You didn't know any spells.
Your spell library was empty.

Dungeon Overview and Level Annotations

Branches:
Dungeon (1/15)

Altars:


Innate Abilities, Weirdness & Mutations

You have a pair of horns on your head.
You reflexively headbutt those who attack you in melee.


Message History

You kill the jackal!
The jackal closely misses you. The jackal bites you.
The jackal bites you but does no damage.
The jackal barely misses you. The jackal bites you.
You barely miss the jackal. The jackal closely misses you.
You furiously retaliate!
You headbutt the jackal. The jackal barely misses you. x2
The jackal bites you but does no damage.
You block the jackal's attack. x2
You completely miss the jackal. Your headbutt misses the jackal.
The jackal is lightly wounded.
The jackal barely misses you.
The jackal bites you but does no damage.
The jackal barely misses you. x2; You furiously retaliate!
You headbutt the jackal, but do no damage.
The jackal bites you but does no damage.
The jackal bites you but does no damage.
You block the jackal's attack. The jackal bites you.
You slash the jackal!
You kill the jackal!
The jackal bites you but does no damage.
You hit the jackal.
You kill the jackal!
The jackal barely misses you.
You hit the jackal.
You kill the jackal!
The quokka bites you.
The endoplasm hits you but does no damage.
The quokka completely misses you.
You see here a jackal corpse.
The quokka bites you.
* * * LOW HITPOINT WARNING * * *
The quokka closely misses you.
You closely miss the quokka. The quokka completely misses you.
The quokka bites you.
* * * LOW HITPOINT WARNING * * *
The quokka barely misses you.
You slash the quokka!
You kill the quokka!
You block the quokka's attack. The quokka bites you.
You die...

#.....###.....#
##.....# #.....##
#.....## ##.....#
#..#..# #..#..#
#..#..# #..#..#..#
#.....##
##.....#..##
##.....#
#.[...##...#
#.....###.....#....#
##....@rJ....##....#
##...<#....##.....#
######.†###......#
..........r(J....#
.................#
########...........
#............
#.........?...
#............#


You could see an endoplasm and a quokka.

Vanquished Creatures
  4 jackals (D:1)
  2 quokkas (D:1)
6 creatures vanquished.

Notes
Turn   | Place    | Note
-------+----------+-------------------------------------------
     0 | D:1      | Sanktem7 the Minotaur Fighter began the quest for the Orb.
     0 | D:1      | Reached XP level 1. HP: 19/19 MP: 0/0
    62 | D:1      | Slain by a quokka

Illustrated notes

Levels and vault maps discovered:
D:1:      minmay_arrival_loop, layout_rooms, shapermc_ecumenical_altar_venn

Action                   || total
-------------------------++-------
Melee: Long sword        ||    11
       Headbutt          ||     1
Armor: Scale mail        ||    10
Dodge: Dodged            ||    18
Block: Buckler           ||     6
